 Dungeon Crawl Stone Soup version 0.28.0-47-ge53b351184 (webtiles) character file.

Game seed: 16612108780847964439

319 styxcanada the Covert (level 6, -4/32 HPs)
             Began as a Spriggan Brigand on May 9, 2022.
             Splashed by a jelly's acid (8 damage)
             ... on level 5 of the Dungeon.
             The game lasted 00:15:37 (4995 turns).

styxcanada the Covert (Spriggan Brigand)            Turns: 4995, Time: 00:15:38

Health: -4/32      AC: -1    Str:  7    XL:     6   Next: 21%
Magic:  10/10      EV: 18    Int: 13    God:
Gold:   189        SH:  0    Dex: 18    Spells: 6/9 levels left

rFire   . . .      SeeInvis +   a - +2 dagger
rCold   . . .      Faith    .   (no shield)
rNeg    . . .      Spirit   .   b - +0 robe
rPois   .          Reflect  .   (helmet restricted)
rElec   .          Harm     .   c - +0 cloak
rCorr   .          Rampage  .   (gloves unavailable)
Will    +....                   (boots unavailable)
Stlth   ++++......              (no amulet)
HPRegen 0.10/turn               (no ring)
MPRegen 0.12/turn               (no ring)

@: corroded, very quick
A: very small, no large weapons, unfitting armour, see invisible, speed 3
a: no special abilities


You were on level 5 of the Dungeon.
You visited 2 branches of the dungeon, and saw 6 of its levels.

You collected 189 gold pieces.

Inventory:

Hand Weapons
 a - a +2 dagger (weapon)
 o - a +0 hunting sling
Missiles
 e - 4 poisoned darts
 f - 186 stones (quivered)
 n - 7 boomerangs
 r - a curare-tipped dart
 u - 24 sling bullets
Armour
 b - a +0 robe (worn)
 c - a +0 cloak (worn)
Jewellery
 i - a +4 ring of evasion
Scrolls
 g - a scroll of amnesia {unknown}
 j - a scroll of summoning {unknown}
 l - a scroll of enchant armour {unknown}
 s - a scroll of enchant weapon {unknown}
Potions
 d - a potion of flight
 k - a potion of curing
 m - 2 potions of might
 p - a potion of attraction {unknown}
 q - a potion of haste {unknown}
 t - a potion of heal wounds {unknown}
 v - a potion of degeneration {unknown}


   Skills:
 * Level 2.5 Fighting
 + Level 2.9 Short Blades
 + Level 3.0 Throwing
 * Level 2.8 Dodging
 * Level 8.5 Stealth
 * Level 2.4 Spellcasting
 * Level 0.1 Summonings


You had 6 spell levels left.
You knew the following spells:

 Your Spells              Type           Power      Damage    Failure   Level
a - Call Canine Familiar  Summ           1%         N/A       56%         3

Your spell library contained the following spells:

 Spells                   Type           Power      Damage    Failure   Level
 Beastly Appendage        Tmut           2%         N/A       24%         1
 Summon Small Mammal      Summ           4%         N/A       24%         1
 Wereblood                Tmut           1%         N/A       36%         2
 Summon Guardian Golem    Hex/Summ       1%         N/A       56%         3
 Spider Form              Tmut/Pois      1%         N/A       58%         3


Dungeon Overview and Level Annotations

Branches:
Dungeon (5/15)             Temple (1/1) D:4

Altars:
Ashenzari
Cheibriados
Dithmenos
Elyvilon
Fedhas
Hepliaklqana
Kikubaaqudgha
Makhleb
Nemelex Xobeh
Okawaru
Qazlal
Ru
Sif Muna
Trog
Uskayaw
Wu Jian
Xom
Yredelemnul
Zin


Innate Abilities, Weirdness & Mutations

You are very small and have problems with some larger weapons.
You are too small for most types of armour.
You have supernaturally acute eyesight. (SInv)
You cover ground extremely quickly. (Speed+++)


Message History

Found a stone staircase leading down.
Found a helmet.
v - an orange potion
As you read the scroll labelled NUECZAS GOLIR, it crumbles to dust.
It is a scroll of identify.
d - a potion of flight
As you read the scroll of identify, it crumbles to dust.
k - a potion of curing
As you read the scroll of identify, it crumbles to dust.
m - 2 potions of might You now have 178 gold pieces (gained 15).
Found a stone staircase leading up.
f - 186 stones (gained 29)
You now have 189 gold pieces (gained 11).
There is a stone staircase leading up here.
Found a trident.
Found a robe.
Found a sparkling altar of Nemelex Xobeh.
There is a sparkling altar of Nemelex Xobeh here.
You see here a +0 robe.
A jelly comes into view.
The jelly quivers.
You hit the jelly.
Your hands burn!
The jelly is lightly wounded.
The jelly misses you.
You hit the jelly.
Your hands burn!
The jelly is moderately wounded.
The jelly misses you.
You hit the jelly.
Your hands burn!
The jelly is moderately wounded.
The jelly hits you.
You are splashed with acid!
You hit the jelly. The acid corrodes you!
Your hands burn!
The jelly is heavily wounded.
You hit the jelly.
Your hands burn!
* * * LOW HITPOINT WARNING * * *
The jelly is heavily wounded.
The jelly hits you.
* * * LOW HITPOINT WARNING * * *
You are splashed with acid!
You die...

.......... #........#
#........# #.......#
....... # #....##.#
#...J..# #..@# .. #..##
#.... ###.##.....
##.............#
#...............
##.............. .. #
##.............##....
#...##...............#....
#..........#...........#..


You could see a jelly.

Vanquished Creatures
  A necrophage (D:3)
  A hound (D:4)
  Jessica (D:3)
  An iguana (D:4)
  An orc wizard (D:4)
  3 adders
  2 adder skeletons (D:4)
  6 worms
  2 dart slugs
  12 orcs
  5 endoplasms
  2 giant cockroaches (D:1)
  4 goblins
  3 hobgoblins
  A quokka (D:4)
  4 ball pythons
  3 bats
  4 frilled lizards
  3 kobolds
  A quokka skeleton (D:4)
  4 rats
64 creatures vanquished.

Notes
Turn   | Place    | Note
-------+----------+-------------------------------------------
     0 | D:1      | styxcanada the Spriggan Brigand began the quest for the
                  | Orb.
     0 | D:1      | Reached XP level 1. HP: 10/10 MP: 2/2
   113 | D:1      | Reached skill level 6 in Stealth
   345 | D:1      | Reached XP level 2. HP: 15/15 MP: 3/3
  1640 | D:3      | Found a faded altar of an unknown god.
  1646 | D:3      | Reached XP level 3. HP: 18/18 MP: 3/5
  1695 | D:3      | Noticed a necrophage
  1702 | D:3      | Killed a necrophage
  1703 | D:3      | Reached skill level 7 in Stealth
  1703 | D:3      | Reached skill level 1 in Spellcasting
  1703 | D:3      | Reached XP level 4. HP: 23/23 MP: 5/7
  1751 | D:3      | Reached skill level 8 in Stealth
  1938 | D:3      | Found a blossoming altar of Fedhas.
  2158 | D:3      | Noticed Jessica
  2175 | D:3      | Reached XP level 5. HP: 26/26 MP: 8/8
  2370 | D:3      | Found a glowing silver altar of Zin.
  2864 | D:3      | Killed Jessica
  3110 | D:4      | Found a staircase to the Ecumenical Temple.
  3298 | Temple   | Entered the Ecumenical Temple
  3701 | D:4      | Learned a level 3 spell: Call Canine Familiar
  4015 | D:4      | Reached XP level 6. HP: 9/32 MP: 10/10
  4255 | D:4      | Found an iron altar of Okawaru.
  4832 | D:5      | Entered Level 5 of the Dungeon
  4956 | D:5      | Found a sparkling altar of Nemelex Xobeh.
  4995 | D:5      | Splashed by a jelly's acid

Illustrated notes

Levels and vault maps discovered:
D:1:      onia_arrival_mini_maze_b, layout_basic, serial_forest,
          infiniplex_forest_straight_2, infiniplex_forest_diagonal,
          infiniplex_forest_straight_4, infiniplex_forest_pool,
          infiniplex_forest_lined_room_, infiniplex_forest_lined_room_,
          infiniplex_forest_lined_1, infiniplex_forest_corner_1, minivault_25
D:2:      layout_loops_ring
D:3:      cheibrodos_helix_gallery, layout_basic, fedhas_altar_4,
          mainiacjoe_overflow_paths, shapermc_ecumenical_altar_gd, uniq_jessica
D:4:      layout_loops_ring, mainiacjoe_overflow_catwalk,
          minmay_temple_entry_stoned_glass
D:5:      layout_cave_pools, lemuel_crystal_altar
Temple:   regret_index_temple_waves

Skill      XL: |  1  2  3  4  5  6 |
---------------+-------------------+-----
Stealth        | 6 7 8 |  8.5
Fighting       | 2 |  2.5
Dodging        | 2 |  2.8
Spellcasting   | 1 2 |  2.4
Throwing       | 3 |  3.0
Short Blades   | |  2.9
Summonings     | |  0.1

Action                   |  1- 3 |  4- 6 || total
-------------------------+-------+-------++-------
Melee: Dagger            |    38 |   144 ||   182
       Punch             |       |     2 ||     2
Throw: Dart              |     9 |    57 ||    66
       Stone             |       |     4 ||     4
  Use: Scroll            |       |     3 ||     3
 Stab: Sleeping          |    13 |     5 ||    18
Armor: Robe              |     7 |    14 ||    21
Dodge: Dodged            |    19 |    77 ||    96
